 Dungeon Crawl Stone Soup version 0.27-a0-1188-g73eefd5def (webtiles) character file.

Game seed: 11247620697023418852

1503 spiderkeys the Skirmisher (level 8, 0/56 HPs)
             Began as an Octopode Abyssal Knight on May 21, 2021.
             Was a Believer of Lugonu.
             Succumbed to a kobold brigand's poison
             ... on level 6 of the Dungeon.
             The game lasted 00:11:43 (6369 turns).

spiderkeys the Skirmisher (Octopode Abyssal Knight) Turns: 6369, Time: 00:11:44

Health: 0/56       AC:  1    Str: 13    XL:     8   Next: 82%
Magic:  10/12      EV: 14    Int: 20    God:    Lugonu [**....]
Gold:   205        SH:  0    Dex: 11    Spells: 3/7 levels left

rFire    . . .     SeeInvis +   p - +2 demon trident of Painted Expedience {elec, *Corrode rElec Will+ Int+5}
rCold    + . .     Faith    .   (no shield)
rNeg     . . .     Spirit   .   (helmet restricted)
rPois    .         Reflect  .   A - amulet of the acrobat
rElec    +         Harm     .   Z - ring of wizardry
rCorr    .         Rampage  .   v - ring of see invisible
Will     +....                  C - ring of protection from cold
Stlth    ++........             (no ring)
HPRegen  0.18/turn              (no ring)
MPRegen  0.13/turn              (no ring)
                                (no ring)
                                (no ring)

@: lethally poisoned (0 -> -6)
A: almost no armour, amphibious, 8 rings, camouflage 1, gelatinous body 1,
(nimble swimmer 1), tentacles
a: Renounce Religion, Depart the Abyss, Bend Space


You were on level 6 of the Dungeon.
You worshipped Lugonu.
Lugonu was pleased with you.
You visited 1 branch of the dungeon, and saw 6 of its levels.
You visited the Abyss 1 time.

You collected 205 gold pieces.


Innate Abilities, Weirdness & Mutations

You cannot wear most types of armour.
You are amphibious.
You can wear up to eight rings at the same time.
Your skin changes colour to match your surroundings (Stealth+).
Your rubbery body absorbs attacks. (AC +1, EV +1)
((You are camouflaged near water. (Stealth+)))
You have tentacles for arms and can constrict up to eight enemies at once.


   Skills:
 + Level 5.5 Fighting
 + Level 5.1 Polearms
 + Level 5.2 Dodging
 * Level 4.5 Summonings
 + Level 5.5 Invocations


You had 3 spell levels left.
You knew the following spells:

 Your Spells              Type           Power      Damage    Failure   Level
a - Animate Skeleton      Necr           0%         N/A       8%          1
c - Call Imp              Summ           18%        N/A       1%          2
z - Summon Small Mammal   Summ           72%        N/A       1%          1

Your spell library contained the following spells:

 Spells                   Type           Power      Damage    Failure   Level
 Call Canine Familiar     Summ           18%        N/A       3%          3
 Pain                     Necr           0%         1d4       8%          1
 Summon Guardian Golem    Hex/Summ       9%         N/A       9%          3
 Vampiric Draining        Necr           0%         2d6       22%         3
 Summon Ice Beast         Ice/Summ       9%         N/A       28%         4
 Summon Lightning Spire   Summ/Air       9%         N/A       28%         4
 Animate Dead             Necr           0%         N/A       56%         4
 Agony                    Necr           0%         N/A       88%         5

Inventory:

Hand Weapons
 a - a +1 spear
 p - the +2 demon trident of Painted Expedience (weapon) {elec, *Corrode rElec Will+ Int+5}
   (You acquired it on level 5 of the Dungeon)

   Occasionally, upon striking a foe, it can discharge electrical energy and
   cause terrible harm.
   It affects your intelligence (+5).
   It insulates you from electricity.
   It may corrode you when you take damage.
   It increases your willpower.
Missiles
 b - 129 sling bullets
 d - 83 stones
 e - 47 arrows
 g - 43 bolts
 h - 19 poisoned darts
 m - 6 curare-tipped darts {=f}
Jewellery
 v - a ring of see invisible (right tentacle)
   (You found it on level 2 of the Dungeon)
 A - an amulet of the acrobat (around mantle)
   (You found it on level 2 of the Dungeon)
 C - a ring of protection from cold (on tentacle)
   (You found it on level 4 of the Dungeon)
 Z - a ring of wizardry (left tentacle)
   (You found it on level 2 of the Dungeon)
Wands
 n - a wand of iceblast (8)
   (You took it off Ijyb on level 3 of the Dungeon)
 o - a wand of acid (7)
   (You found it on level 4 of the Dungeon)
 q - a wand of charming (5)
   (You found it on level 4 of the Dungeon)
Scrolls
 c - 2 scrolls of fog
 f - 4 scrolls of enchant weapon
 k - 3 scrolls of teleportation {@r4}
 l - 2 scrolls of holy word
 r - a scroll of identify {@r1}
Potions
 i - 2 potions of mutation {!q}
 j - a potion of might

Dungeon Overview and Level Annotations

Branches:
Dungeon (6/15)
 Temple: D:4-7

Altars:
Ashenzari
Nemelex Xobeh
Trog
Vehumet

## ..# #.# #
##.####.##
#######.........
#.............>#
####..).....#
#..#
......)@.(..#
#..#
####..)####.#
#..# #.##
#.####..######
..
##.>..........#
##
#...###.....#.
#.#.........#
#...###.....#
##.####..#.##
#.......#.#


There were no monsters in sight!


Message History

Your crimson imp hits the kobold brigand. 😮 HP[-2]
You take 2 damage, and now have 32/56 hp.
Reach: p) +2 demon trident of Painted Expedience {elec, *Corrode rElec Will+ Int+5}
Press: ? - help, Dir - move target, f/p - kobold brigand
Aim: a kobold brigand, wielding a +0 short sword and quivering poisoned darts (almost dead, ally target, about 45% to evade the +2 demon trident of Painted Expedience)
You reach to attack!
You barely miss the kobold brigand.
You feel very sick.
The kobold brigand hits your crimson imp with a +0 short sword!
Your crimson imp barely misses the kobold brigand. 😮 HP[-3]
You take 3 damage, and now have 29/56 hp.
Reach: p) +2 demon trident of Painted Expedience {elec, *Corrode rElec Will+ Int+5}
Press: ? - help, Dir - move target, f/p - kobold brigand
Aim: a kobold brigand, wielding a +0 short sword and quivering poisoned darts (almost dead, ally target, about 45% to evade the +2 demon trident of Painted Expedience)
You could not reach far enough!
You feel sick.
The kobold brigand throws a poisoned dart.
The poisoned dart hits your crimson imp!
Your crimson imp is poisoned.
Your crimson imp barely misses the kobold brigand.
The kobold brigand closely misses your crimson imp.
The kobold barely misses your crimson imp. 😨 HP[-2]
You take 2 damage, and now have 27/56 hp.
Reach: p) +2 demon trident of Painted Expedience {elec, *Corrode rElec Will+ Int+5}
Press: ? - help, Dir - move target, f/p - kobold brigand
Aim: a kobold brigand, wielding a +0 short sword and quivering poisoned darts (almost dead, ally target, about 45% to evade the +2 demon trident of Painted Expedience)
You could not reach far enough!
You feel sick.
Your crimson imp hits the kobold brigand but does no damage.
The kobold closely misses your crimson imp.
The kobold brigand hits your crimson imp with a +0 short sword. 😨 HP[-2]
You take 2 damage, and now have 25/56 hp.
Reach: p) +2 demon trident of Painted Expedience {elec, *Corrode rElec Will+ Int+5}
Press: ? - help, Dir - move target, f/p - kobold brigand
Aim: a kobold brigand, wielding a +0 short sword and quivering poisoned darts (almost dead, ally target, about 45% to evade the +2 demon trident of Painted Expedience)
You reach to attack!
You completely miss the kobold brigand.
You feel sick.
Your crimson imp barely misses the kobold brigand.
The kobold closely misses your crimson imp.
The kobold brigand hits your crimson imp with a +0 short sword.
Your crimson imp dies! 😨 HP[-1]
You take 1 damage, and now have 24/56 hp.
Reach: p) +2 demon trident of Painted Expedience {elec, *Corrode rElec Will+ Int+5}
Press: ? - help, Dir - move target, f/p - kobold brigand
Aim: a kobold brigand, wielding a +0 short sword and quivering poisoned darts (almost dead, about 45% to evade the +2 demon trident of Painted Expedience)
You reach to attack!
You miss the kobold brigand.
You feel sick. 😨 HP[-1]
You take 1 damage, and now have 23/56 hp.
You closely miss the kobold. You grab the kobold. You squeeze the kobold.
You kill the kobold!
Lugonu accepts your kill.
You feel sick.
The kobold brigand throws a poisoned dart.
The poisoned dart hits you!
You are more poisoned.
The kobold hits you with a +0 short sword.
* * * LOW HITPOINT WARNING * * *
😨 HP[-1] MP[+1]
You take 1 damage, and now have 22/56 hp.
Reach: p) +2 demon trident of Painted Expedience {elec, *Corrode rElec Will+ Int+5}
Press: ? - help, Dir - move target, f/p - kobold brigand
Aim: a kobold brigand, wielding a +0 short sword and quivering poisoned darts (almost dead, about 45% to evade the +2 demon trident of Painted Expedience)
You reach to attack!
You closely miss the kobold brigand.
You feel sick.
The kobold hits you with a +0 short sword.
* * * LOW HITPOINT WARNING * * *
The kobold brigand throws a poisoned dart.
The poisoned dart hits you!
You are more poisoned. 😱 HP[-8]
You take 8 damage, and now have 14/56 hp.
Okay, then.
Okay, then.
Reach: p) +2 demon trident of Painted Expedience {elec, *Corrode rElec Will+ Int+5}
Press: ? - help, Dir - move target, f/p - kobold brigand
Aim: a kobold brigand, wielding a +0 short sword and quivering poisoned darts (almost dead, about 45% to evade the +2 demon trident of Painted Expedience)
You reach to attack!
You closely miss the kobold brigand.
* * * LOW HITPOINT WARNING * * *
You feel very sick.
The kobold hits you with a +0 short sword.
* * * LOW HITPOINT WARNING * * *
😱 HP[-8]
You take 8 damage, and now have 6/56 hp.
You hit the kobold brigand. You grab the kobold brigand.
You constrict the kobold brigand.
You kill the kobold brigand!
Lugonu accepts your kill.
* * * LOW HITPOINT WARNING * * *
You feel very sick.
The kobold hits you with a +0 short sword.
* * * LOW HITPOINT WARNING * * *
😱 HP[-4]
You take 4 damage, and now have 2/56 hp.
Okay, then.
Okay, then.
Unknown command.
You puncture the kobold!
You kill the kobold!
Lugonu accepts your kill.
You die...

Skill      XL: |  1  2  3  4  5  6  7  8 |
---------------+-------------------------+-----
Fighting       | 4 5 |  5.5
Polearms       | 3 4 5 |  5.1
Dodging        | 3 4 5 |  5.2
Invocations    | 3 4 5 |  5.5
Summonings     | 1 2 4 |  4.5

Action                   |  1- 3 |  4- 6 |  7- 9 || total
-------------------------+-------+-------+-------++-------
Melee: Spear             |   111 |    91 |   104 ||   306
       Constrict         |    17 |    12 |    12 ||    41
       Tentacles         |     9 |    16 |    25 ||    50
       Demon trident     |       |       |    37 ||    37
 Cast: Summon Small Mamm |     1 |       |       ||     1
       Call Imp          |       |       |    15 ||    15
  Use: Scroll            |     8 |     2 |     4 ||    14
       Potion            |       |       |     2 ||     2
 Stab: Sleeping          |    14 |     8 |     5 ||    27
       Distracted        |       |       |     1 ||     1
Armor: Skin              |     7 |     4 |     8 ||    19
Dodge: Dodged            |    46 |    54 |    62 ||   162

Levels and vault maps discovered:
D:1:      roderic_dead_forest, layout_loops_cross,
          shapermc_ecumenical_altar_flowoftime
D:2:      layout_loops_ring, chequers_mini_garden, minmay_puff
D:3:      layout_basic, nicolae_overflow_crystal_walls, evilmike_ruin_ashenzari,
          nicolae_overflow_hidden_temple, minivault_25, minmay_misc_feat_tiny,
          nrook_mini_backslash, uniq_ijyb, uniq_sigmund, uniq_robin
D:4:      layout_basic, overflow_temple_1_default,
          hangedman_abyss_or_decor_stagger
D:5:      layout_cave_pools
D:6:      layout_loops_ring, marbit_many_paths, lemuel_tele_altar,
          minmay_misc_feat_doors, roderic_batcave

Notes
Turn   | Place    | Note
-------+----------+-------------------------------------------
     0 | Abyss:1  | spiderkeys the Octopode Abyssal Knight began the quest for
                  | the Orb.
     0 | Abyss:1  | Reached XP level 1. HP: 16/16 MP: 2/2
     0 | Abyss:1  | magus.rc [v1.9.10]
    73 | Abyss:1  | Noticed a ynoxinul
    84 | Abyss:1  | Noticed a large abomination
    89 | Abyss:1  | Noticed a glowing orange brain
   122 | Abyss:1  | Noticed an earth elemental
   127 | D:1      | You pass through the gate.
   127 | D:1      | Escaped the Abyss
   363 | D:1      | Reached XP level 2. HP: 21/21 MP: 3/3
   382 | D:1      | You pick up a book of Callings and begin reading...
   382 | D:1      | You add the spells Summon Small Mammal, Call Imp, Call
                  | Canine Familiar, Summon Guardian Golem, Summon Lightning
                  | Spire and Summon Ice Beast to your library.
   447 | D:1      | Learned a level 1 spell: Summon Small Mammal
   683 | D:1      | Found a faded altar of an unknown god.
  1065 | D:2      | Reached XP level 3. HP: 26/26 MP: 4/4
  1453 | D:2      | Reached ** piety under Lugonu
  1888 | D:3      | Found a radiant altar of Vehumet.
  1990 | D:3      | Found a broken altar of Ashenzari.
  2045 | D:3      | Noticed Sigmund
  2065 | D:3      | Killed Sigmund
  2066 | D:3      | Reached skill level 4 in Fighting
  2066 | D:3      | Reached skill level 3 in Polearms
  2066 | D:3      | Reached skill level 3 in Dodging
  2066 | D:3      | Reached skill level 3 in Invocations
  2066 | D:3      | Reached XP level 4. HP: 23/33 MP: 4/6
  2066 | D:3      | Reached XP level 5. HP: 25/37 MP: 4/7
  2205 | D:3      | You pick up a book of Necromancy and begin reading...
  2205 | D:3      | You add the spells Pain, Animate Skeleton, Vampiric
                  | Draining, Animate Dead and Agony to your library.
  2273 | D:3      | Found a bloodstained altar of Trog.
  2423 | D:3      | Noticed Ijyb
  2432 | D:3      | Killed Ijyb
  2433 | D:3      | Reached XP level 6. HP: 38/43 MP: 8/8
  3319 | D:4      | Reached skill level 4 in Dodging
  3319 | D:4      | Reached skill level 4 in Invocations
  3666 | D:4      | Found a sparkling altar of Nemelex Xobeh.
  4090 | D:4      | Learned a level 2 spell: Call Imp
  4103 | D:5      | Entered Level 5 of the Dungeon
  4103 | D:5      | Noticed a necrophage
  4113 | D:5      | Reached skill level 4 in Polearms
  4113 | D:5      | Reached skill level 1 in Summonings
  4113 | D:5      | Reached XP level 7. HP: 25/49 MP: 10/10
  4335 | D:5      | Reached skill level 2 in Summonings
  4459 | D:4      | HP: 8/49 [phantom (9)]
  4465 | D:4      | HP: 1/49 [phantom (8)]
  4856 | D:4      | Reached skill level 5 in Fighting
  5046 | D:5      | HP: 12/50 [jelly (1)]
  5048 | D:5      | Reached XP level 8. HP: 8/55 MP: 7/11
  5048 | D:5      | HP: 5/55 [acid (3)]
  5050 | D:5      | Reached skill level 3 in Summonings
  5503 | D:5      | Learned a level 1 spell: Animate Skeleton
  5547 | D:5      | Reached skill level 5 in Invocations
  6119 | D:5      | Identified a scroll of acquirement
  6120 | D:5      | Acquired the +2 demon trident of Painted Expedience {elec,
                  | *Corrode rElec Will+ Int+5}
  6307 | D:6      | Reached skill level 5 in Dodging
  6307 | D:6      | Reached skill level 4 in Summonings
  6346 | D:6      | Reached skill level 5 in Polearms
  6366 | D:6      | HP: 14/56 [kobold/+0 short sword (6)]
  6367 | D:6      | HP: 6/56 [kobold/+0 short sword (5)]
  6368 | D:6      | HP: 2/56 [kobold/+0 short sword (1)]
  6369 | D:6      | Succumbed to a kobold brigand's poison

Vanquished Creatures
  Sigmund (D:3)
  A sky beast (D:6)
  An ice beast (D:4)
  A necrophage (D:5)
  2 ogres
  A centaur (D:5)
  2 phantoms (D:4)
  A kobold brigand (D:6)
  2 scorpions (D:6)
  A water moccasin zombie (D:5)
  A hound (D:4)
  An orc priest (D:5)
  3 jellies (D:5)
  Ijyb (D:3)
  An iguana (D:4)
  An orc wizard (D:5)
  A howler monkey skeleton (D:4)
  3 adders
  A shadow imp (D:6)
  A white imp (D:5)
  An adder skeleton (D:5)
  2 worms (D:2)
  A dart slug (D:2)
  5 orcs
  5 ball pythons
  8 bats
  4 endoplasms
  2 giant cockroaches
  5 goblins
  7 hobgoblins
  5 quokkas
  2 frilled lizards (D:2)
  9 kobolds
  5 rats
88 creatures vanquished.

Vanquished Creatures (collateral kills)
  An ogre (D:5)
  A water moccasin skeleton (D:5)
2 creatures vanquished.

Grand Total: 90 creatures vanquished

Table legend:
 A = Non-vault XP
 B = Vault XP
 C = Vault XP percentage of total XP
 D = Non-vault monster count
 E = Vault monster count
 F = Vault count percentage of total count
                 A         B        C        D         E       F
            +---------+---------+-------+---------+---------+-------
      Total |    1870 |     280 |  13.0 |      84 |       6 |   6.7
            +---------+---------+-------+---------+---------+-------
        D:1 |      22 |       0 |   0.0 |      14 |       0 |   0.0
        D:2 |      39 |      10 |  20.4 |      15 |       4 |  21.1
        D:3 |      17 |     270 |  94.1 |       9 |       2 |  18.2
        D:4 |     474 |       0 |   0.0 |      19 |       0 |   0.0
        D:5 |     777 |       0 |   0.0 |      16 |       0 |   0.0
        D:6 |     541 |       0 |   0.0 |      11 |       0 |   0.0
            +---------+---------+-------+---------+---------+-------

Illustrated notes

Table legend:
 A = Kills in this place as a percentage of kills in entire the game.
 B = Kills by you in this place as a percentage of kills by you in the entire game.
 C = Kills by friends in this place as a percentage of kills by friends in the entire game.
 D = Other kills in this place as a percentage of other kills in the entire game.
 E = Experience gained in this place as a percentage of experience gained in the entire game.
 F = Experience gained in this place divided by the number of levels of this place that you have seen.
                   A       B       C       D       E      F
               +-------+-------+-------+-------+-------+----------------------
         Total | 100.0 | 100.0 | 100.0 |   N/A | 100.0 | 307.1
       Dungeon | 100.0 | 100.0 | 100.0 |   N/A | 100.0 | 358.3
               +-------+-------+-------+-------+-------+----------------------

Table legend: (Time is in decaauts)
 A = Elapsed time spent in this place.
 B = Non-inter-level travel time spent in this place.
 C = Inter-level travel time spent in this place.
 D = Time resting spent in this place.
 E = Time spent auto-exploring this place.
 F = Levels seen in this place.
 G = Mean time per level.
                   A        B        C        D        E       F      G
               +--------+--------+--------+--------+--------+-----+--------+
         Total |   6357 |   6154 |    203 |   1095 |   4173 |   7 |  908.1 |
       Dungeon |   6230 |   6027 |    203 |   1095 |   4152 |   6 | 1038.3 |
         Abyss |    127 |    127 |      0 |      0 |     21 |   1 |  127.0 |
               +--------+--------+--------+--------+--------+-----+--------+

Top non-repeatable levels by time:
     D:4: 1823 daAuts
     D:5: 1379 daAuts
     D:3: 1076 daAuts
     D:1: 860 daAuts
     D:2: 853 daAuts
     D:6: 237 daAuts
 Abyss:1: 127 daAuts
